 Dungeon Crawl Stone Soup version 0.28.0-43-g3370ac3207 (webtiles) character file.

Game seed: 4509288273933097001

119 tizbic2 the Gusty (level 5, -2/37 HPs)
             Began as a Gnoll Air Elementalist on Mar 17, 2022.
             Frozen to death by an endoplasm (4 damage)
             ... on level 2 of the Dungeon.
             The game lasted 00:09:17 (1715 turns).

tizbic2 the Gusty (Gnoll Air Elementalist)          Turns: 1715, Time: 00:09:18

Health: -2/37      AC:  5    Str:  9    XL:     5   Next: 3%
Magic:  12/12      EV: 11    Int: 14    God:
Gold:   51         SH:  0    Dex: 13    Spells: 4/14 levels left

rFire   . . .      SeeInvis .   c - +6 flail (venom)
rCold   . . .      Faith    .   (no shield)
rNeg    . . .      Spirit   .   f - +0 ring mail
rPois   .          Reflect  .   (no helmet)
rElec   .          Harm     .   (no cloak)
rCorr   .          Rampage  .   (no gloves)
Will    .....                   (no boots)
Stlth   ++........              (no amulet)
HPRegen 0.12/turn               (no ring)
MPRegen 0.13/turn               (no ring)

@: about to teleport
A: fangs 1, strong nose, distributed training
a: no special abilities


You were on level 2 of the Dungeon.
You visited 1 branch of the dungeon, and saw 2 of its levels.

You collected 51 gold pieces.

Inventory:

Hand Weapons
 c - a +6 flail of venom (weapon)
Missiles
 b - 31 arrows
 e - 9 stones (quivered)
Armour
 a - a +0 robe
 f - a +0 ring mail (worn)
Scrolls
 h - a scroll of enchant weapon


   Skills:
 + Level 1.3 Fighting
 + Level 1.3 Short Blades
 + Level 1.3 Long Blades
 + Level 1.3 Axes
 + Level 1.3 Maces & Flails
 + Level 1.3 Polearms
 + Level 1.3 Staves
 + Level 1.3 Slings
 + Level 1.3 Bows
 + Level 1.3 Crossbows
 + Level 1.3 Throwing
 + Level 1.3 Armour
 + Level 4.7 Dodging
 + Level 4.3 Stealth
 + Level 1.3 Shields
 + Level 1.3 Unarmed Combat
 + Level 5.1 Spellcasting
 + Level 2.3 Conjurations
 + Level 1.0 Hexes
 + Level 1.0 Summonings
 + Level 1.0 Necromancy
 + Level 1.0 Translocations
 + Level 1.0 Transmutations
 + Level 1.0 Fire Magic
 + Level 1.0 Ice Magic
 + Level 5.5 Air Magic
 + Level 1.0 Earth Magic
 + Level 1.0 Poison Magic
 + Level 1.4 Invocations
 + Level 1.3 Evocations


You had 4 spell levels left.
You knew the following spells:

 Your Spells              Type           Power      Damage    Failure   Level
a - Shock                 Conj/Air       56%        1d6       10%         1
b - Static Discharge      Conj/Air       14%        N/A       14%         2
c - Airstrike             Air            9%         N/A       45%         4
d - Swiftness             Air            19%        N/A       16%         3

Your spell library contained the following spells:

 Spells                   Type           Power      Damage    Failure   Level


Dungeon Overview and Level Annotations

Branches:
Dungeon (2/15)

Altars:

Annotations:
D:2 Robin


Innate Abilities, Weirdness & Mutations

You have very sharp teeth.
Your uncanny sense of smell can sniff out nearby items.
Your experience applies equally to all skills.


Message History

A hobgoblin comes into view.
Robin says, "My army is invincible!"
The endoplasm misses you. The goblin hits you but does no damage.
You hit the goblin but do no damage. The endoplasm freezes you.
You are frozen.
The goblin hits you but does no damage. The goblin hits you with a +0 dagger.
Robin throws the goblin at you!
You miss the goblin. The goblin hits you with a +0 club.
The endoplasm hits you but does no damage.
The goblin closely misses you. The goblin hits you with a +0 club.
You sock the goblin!
You kill the goblin!
The endoplasm hits you but does no damage.
The goblin hits you with a +0 dagger.
* * * LOW HITPOINT WARNING * * *
The goblin closely misses you.
A goblin comes into view. It is wielding a +0 dagger.
The endoplasm freezes you.
You are frozen.
* * * LOW HITPOINT WARNING * * *
The goblin hits you with a +0 dagger.
* * * LOW HITPOINT WARNING * * *
Robin throws the goblin at you!
Okay, then.
You aren't carrying any potions.
As you read the scroll labelled VOZEKOE UBEVVENT, it crumbles to dust.
You feel strangely unstable.
It was a scroll of teleportation.
The goblin shouts!
The goblin hits you but does no damage. x2; The endoplasm barely misses you.
The goblin hits you with a +0 dagger.
* * * LOW HITPOINT WARNING * * *
A goblin comes into view. It is wielding a +0 dagger.
You miss the goblin.
The goblin shouts!
Your bite misses the goblin. The goblin misses you.
The goblin barely misses you. The endoplasm freezes you.
You are frozen.
You die...

#.# #.. ######g######. ###
#.....g....... ..# ##)##.###. #.#
##.###..)...... #.#
......gg...########.####
##.###gJg..# #........ ##@##.#
#.##.###. .# #g# .# #.##.# #.
##.## #.####.##.# #.##.# #. #...#
#.........# #.##.# #. #...
#####...### #.##.# #. #.. ##
##.....## #.##.###. #.##.##
##.......## #........
###.#...####.........####...)####
.>.........'.........'.......#


You could see Robin, an endoplasm, a hobgoblin (strong) and 5 goblins.

Vanquished Creatures
  Jessica (D:2)
  Terence (D:2)
  An adder (D:2)
  2 dart slugs
  6 bats
  7 endoplasms
  2 giant cockroaches
  10 goblins
  4 hobgoblins (D:1)
  2 kobolds
  6 quokkas
  4 ball pythons (D:1)
  3 rats (D:1)
49 creatures vanquished.

Notes
Turn   | Place    | Note
-------+----------+-------------------------------------------
     0 | D:1      | tizbic2 the Gnoll Air Elementalist began the quest for the
                  | Orb.
     0 | D:1      | Reached XP level 1. HP: 13/13 MP: 6/6
   219 | D:1      | Reached XP level 2. HP: 12/19 MP: 2/7
   654 | D:1      | Reached XP level 3. HP: 16/25 MP: 2/9
   723 | D:1      | Reached skill level 5 in Spellcasting
   772 | D:1      | Learned a level 2 spell: Static Discharge
  1086 | D:2      | Reached skill level 1 in Invocations
  1091 | D:2      | Noticed Terence
  1104 | D:2      | Killed Terence
  1105 | D:2      | Reached skill level 1 in Fighting
  1105 | D:2      | Reached skill level 1 in Short Blades
  1105 | D:2      | Reached skill level 1 in Long Blades
  1105 | D:2      | Reached skill level 1 in Axes
  1105 | D:2      | Reached skill level 1 in Maces & Flails
  1105 | D:2      | Reached skill level 1 in Polearms
  1105 | D:2      | Reached skill level 1 in Staves
  1105 | D:2      | Reached skill level 1 in Slings
  1105 | D:2      | Reached skill level 1 in Bows
  1105 | D:2      | Reached skill level 1 in Crossbows
  1105 | D:2      | Reached skill level 1 in Throwing
  1105 | D:2      | Reached skill level 1 in Armour
  1105 | D:2      | Reached skill level 1 in Shields
  1105 | D:2      | Reached skill level 1 in Unarmed Combat
  1105 | D:2      | Reached skill level 1 in Evocations
  1105 | D:2      | Reached XP level 4. HP: 4/32 MP: 1/11
  1105 | D:2      | HP: 1/32 [poisoned by Terence]
  1558 | D:2      | Reached skill level 1 in Hexes
  1558 | D:2      | Reached skill level 1 in Summonings
  1558 | D:2      | Reached skill level 1 in Necromancy
  1558 | D:2      | Reached skill level 1 in Translocations
  1558 | D:2      | Reached skill level 1 in Transmutations
  1558 | D:2      | Reached skill level 1 in Fire Magic
  1558 | D:2      | Reached skill level 1 in Ice Magic
  1558 | D:2      | Reached skill level 1 in Earth Magic
  1558 | D:2      | Reached skill level 1 in Poison Magic
  1581 | D:2      | Learned a level 4 spell: Airstrike
  1585 | D:2      | Learned a level 3 spell: Swiftness
  1699 | D:2      | Noticed Jessica
  1700 | D:2      | Noticed Robin
  1704 | D:2      | Killed Jessica
  1705 | D:2      | Reached XP level 5. HP: 37/37 MP: 12/12
  1715 | D:2      | Frozen to death by an endoplasm

Illustrated notes

Levels and vault maps discovered:
D:1:      saegor_arrival_fortress, layout_basic, minivault_27, minmay_circled_x
D:2:      layout_loops_corners, uniq_jessica, uniq_terence, uniq_robin

Skill      XL: |  1  2  3  4 |
---------------+-------------+-----
Conjurations   | 2 |  2.3
Spellcasting   | 5 |  5.1
Invocations    | 1 |  1.4
Fighting       | 1 |  1.3
Short Blades   | 1 |  1.3
Long Blades    | 1 |  1.3
Axes           | 1 |  1.3
Maces & Flails | 1 |  1.3
Polearms       | 1 |  1.3
Staves         | 1 |  1.3
Slings         | 1 |  1.3
Bows           | 1 |  1.3
Crossbows      | 1 |  1.3
Throwing       | 1 |  1.3
Armour         | 1 |  1.3
Shields        | 1 |  1.3
Unarmed Combat | 1 |  1.3
Evocations     | 1 |  1.3
Hexes          | 1 |  1.0
Summonings     | 1 |  1.0
Necromancy     | 1 |  1.0
Translocations | 1 |  1.0
Transmutations | 1 |  1.0
Fire Magic     | 1 |  1.0
Ice Magic      | 1 |  1.0
Earth Magic    | 1 |  1.0
Poison Magic   | 1 |  1.0
Dodging        | |  4.7
Stealth        | |  4.3
Air Magic      | |  5.5

Action                   |  1- 3 |  4- 6 || total
-------------------------+-------+-------++-------
Melee: Dagger            |    35 |       ||    35
       Unarmed           |     1 |       ||     1
       Bite              |     3 |       ||     3
       Flail             |       |    28 ||    28
Throw: Stone             |     3 |       ||     3
 Cast: Shock             |    43 |     6 ||    49
       Static Discharge  |     2 |     1 ||     3
       Swiftness         |       |     1 ||     1
  Use: Scroll            |     4 |     1 ||     5
       Potion            |       |     2 ||     2
Armor: Robe              |     9 |       ||     9
       Ring mail         |       |    21 ||    21
Dodge: Dodged            |    52 |    21 ||    73
